 Dungeon Crawl Stone Soup version 0.30-a0-739-gea05faddec (webtiles) character file.

Game seed: 1974325894740841471

641 epen the Charlatan (level 7, -1/53 HPs)
             Began as a Gnoll Artificer on Feb 4, 2023.
             Was an Initiate of Gozag.
             Slain by a centaur (2 damage)
             ... on level 5 of the Dungeon.
             The game lasted 00:13:41 (6356 turns).

epen the Charlatan (Gnoll Artificer)                Turns: 6356, Time: 00:13:42

Health: -1/53      AC:  3    Str: 19    XL:     7   Next: 51%
Magic:  10/10      EV: 12    Int: 11    God:    Gozag
Gold:   1877       SH:  0    Dex: 12    Spells: 11/11 levels left

rFire   . . .      SeeInvis .    i - +0 dagger (flame)
rCold   . . .      Faith    .    (no shield)
rNeg    . . .      Spirit   .    b - +0 leather armour
rPois   .          Reflect  .    (no helmet)
rElec   .          Harm     .    (no cloak)
rCorr   .          Rampage  .    (no gloves)
Will    .....                    (no boots)
Stlth   ++                       k - amulet of magic regeneration
HPRegen 0.28/turn                q - +6 ring of strength
MPRegen 0.52/turn                (no ring)

@: no status effects
A: fangs 1, strong nose, distributed training
a: Renounce Religion, Potion Petition, Call Merchant, Bribe Branch


You were on level 5 of the Dungeon.
You worshipped Gozag.
Gozag was most pleased with you.
You visited 1 branch of the dungeon, and saw 5 of its levels.
You also visited: Sewer.

You collected 1877 gold pieces.

Inventory:

Hand Weapons
 a - a +0 club
 i - a +0 dagger of flaming (weapon)
Missiles
 j - a throwing net
 n - 12 poisoned darts
Armour
 b - a +0 leather armour (worn)
Jewellery
 k - an amulet of magic regeneration (around neck)
 q - a +6 ring of strength (left hand)
Scrolls
 c - 3 scrolls of fog
 d - a scroll of poison
 l - a scroll of teleportation
 s - 3 scrolls of immolation
Potions
 m - a potion of resistance
 t - a potion of haste


   Skills:
 + Level 3.7 Fighting
 + Level 2.6 Short Blades
 + Level 2.6 Long Blades
 + Level 2.6 Axes
 + Level 2.6 Maces & Flails
 + Level 2.6 Polearms
 + Level 2.6 Staves
 + Level 2.6 Ranged Weapons
 + Level 2.6 Throwing
 + Level 5.3 Armour
 + Level 3.7 Dodging
 + Level 3.6 Stealth
 + Level 2.6 Shields
 + Level 2.6 Unarmed Combat
 + Level 2.6 Spellcasting
 + Level 2.1 Conjurations
 + Level 2.1 Hexes
 + Level 2.1 Summonings
 + Level 2.1 Necromancy
 + Level 2.1 Translocations
 + Level 2.1 Transmutations
 + Level 2.1 Fire Magic
 + Level 2.1 Ice Magic
 + Level 2.1 Air Magic
 + Level 2.1 Earth Magic
 + Level 2.1 Poison Magic
 + Level 2.9 Invocations
 + Level 7.1 Evocations


You had 11 spell levels left.
You didn't know any spells.
Your spell library contained the following spells:

 Spells                   Type           Power      Damage    Failure   Level
 Foxfire                  Conj/Fire      24%        2x1d5     13%         1
 Call Canine Familiar     Summ           6%         N/A       36%         3
 Gell's Gravitas          Tloc           6%         N/A       36%         3
 Portal Projectile        Hex/Tloc       12%        N/A       36%         3
 Teleport Other           Tloc           6%         N/A       36%         3
 Leda's Liquefaction      Hex/Erth       3%         N/A       78%         4
 Fireball                 Conj/Fire      3%         3d4       98%         5
 Dispersal                Tloc           3%         N/A       100%        6
 Starburst                Conj/Fire      3%         6d3       100%        6


Dungeon Overview and Level Annotations

Branches:
Dungeon (5/15)             Temple (0/1) D:5           Sewer (visited)

Altars:
Gozag

Shops:
D:4 =


Innate Abilities, Weirdness & Mutations

You have very sharp teeth.
Your uncanny sense of smell can sniff out nearby items.
Your experience applies equally to all skills.


Message History

The centaur is heavily wounded.
The centaur hits you.
* * * LOW HITPOINT WARNING * * *
The centaur kicks you.
* * * LOW HITPOINT WARNING * * *
The centaur barely misses you. The centaur closely misses you.
You barely miss the centaur. You bite the centaur, but do no damage.
The centaur is heavily wounded.
The centaur closely misses you. The centaur misses you.
You closely miss the centaur.
The centaur is heavily wounded.
The centaur hits you.
* * * LOW HITPOINT WARNING * * *
The centaur barely misses you.
It was a potion of attraction.
You feel attractive to monsters.
The centaur barely misses you. x2; The centaur closely misses you.
The centaur barely misses you.
It was a potion of cancellation.
Your magical effects are unravelling.
You feel magically purged.
The centaur hits you but does no damage.
The centaur barely misses you.
You feel less attractive to monsters.
You hit the centaur. You burn the centaur.
The centaur is severely wounded.
The centaur barely misses you.
The centaur kicks you but does no damage.
You barely miss the centaur. You bite the centaur, but do no damage.
The centaur is severely wounded.
The centaur hits you.
* * * LOW HITPOINT WARNING * * *
The centaur barely misses you. The centaur hits you.
* * * LOW HITPOINT WARNING * * *
The centaur kicks you.
* * * LOW HITPOINT WARNING * * *
You hit the centaur. You burn the centaur.
The centaur is almost dead.
The centaur misses you. The centaur kicks you.
You die...
Your body crumbles into a pile of gold.

.........##
..........###..#.$....
...............#.....##
$
......................#
.........###.........##.
$
.........##....!........
.......#...........#...#
......##.........c.#....
.............##.@.......
#####........##.........
# ##.###...#..........
#..#..###......).#....
#.........#.#....##...
....#.....#)###.........
.#. ###..##.##..........
#..................
#........#..........


You could see a centaur.

Vanquished Creatures
  A phantom (D:4)
  3 kobold brigands (Sewer)
  A hound (D:5)
  An orc wizard (D:3)
  An iguana (D:4)
  6 adders
  8 river rats
  4 worms
  2 dart slugs (D:3)
  2 orcs (D:4)
  11 ball pythons
  7 endoplasms
  A giant cockroach (D:3)
  6 goblins
  9 hobgoblins
  7 jackals
  5 quokkas
  5 bats
  6 frilled lizards
  15 kobolds
  10 rats
111 creatures vanquished.

Vanquished Creatures (collateral kills)
  An adder (D:4)
  4 orcs
  5 jackals
  A kobold (D:4)
11 creatures vanquished.

Vanquished Creatures (others)
  An orc priest (D:3)
  2 orcs (D:3)
  An endoplasm (D:3)
  19 plants (Sewer)
23 creatures vanquished.

Grand Total: 145 creatures vanquished

Notes
Turn   | Place    | Note
-------+----------+-------------------------------------------
     0 | D:1      | epen the Gnoll Artificer began the quest for the Orb.
     0 | D:1      | Reached XP level 1. HP: 17/17 MP: 1/1
    48 | D:1      | Reached XP level 2. HP: 18/23 MP: 2/2
   584 | D:1      | Reached XP level 3. HP: 26/28 MP: 3/3
   760 | D:1      | You fall into a shaft and drop 1 floor!
   840 | D:2      | Reached skill level 1 in Invocations
   957 | D:2      | Reached skill level 1 in Short Blades
   957 | D:2      | Reached skill level 1 in Long Blades
   957 | D:2      | Reached skill level 1 in Axes
   957 | D:2      | Reached skill level 1 in Maces & Flails
   957 | D:2      | Reached skill level 1 in Polearms
   957 | D:2      | Reached skill level 1 in Staves
   957 | D:2      | Reached skill level 1 in Ranged Weapons
   957 | D:2      | Reached skill level 1 in Throwing
   957 | D:2      | Reached skill level 1 in Shields
   957 | D:2      | Reached skill level 1 in Unarmed Combat
   957 | D:2      | Reached skill level 1 in Spellcasting
  1385 | D:2      | Reached XP level 4. HP: 34/34 MP: 5/5
  1393 | D:2      | Found a faded altar of an unknown god.
  1425 | D:2      | Prayed at the altar of an unknown god.
  1425 | D:2      | Became a worshipper of Gozag Ym Sagoz the Greedy
  1763 | D:3      | Reached skill level 1 in Conjurations
  1763 | D:3      | Reached skill level 1 in Hexes
  1763 | D:3      | Reached skill level 1 in Summonings
  1763 | D:3      | Reached skill level 1 in Necromancy
  1763 | D:3      | Reached skill level 1 in Translocations
  1763 | D:3      | Reached skill level 1 in Transmutations
  1763 | D:3      | Reached skill level 1 in Fire Magic
  1763 | D:3      | Reached skill level 1 in Ice Magic
  1763 | D:3      | Reached skill level 1 in Air Magic
  1763 | D:3      | Reached skill level 1 in Earth Magic
  1763 | D:3      | Reached skill level 1 in Poison Magic
  1790 | D:3      | Found a glowing drain.
  1794 | Sewer    | Entered a sewer
  1801 | Sewer    | Noticed a kobold brigand
  1811 | Sewer    | Killed a kobold brigand
  1812 | Sewer    | Reached XP level 5. HP: 32/41 MP: 5/7
  2504 | Sewer    | Reached XP level 6. HP: 26/47 MP: 8/8
  2632 | Sewer    | Reached skill level 5 in Armour
  4365 | D:3      | Reached skill level 7 in Evocations
  4365 | D:3      | Reached XP level 7. HP: 12/52 MP: 10/10
  4682 | D:4      | Found Ladwin's Jewellery Shoppe.
  6128 | D:4      | Identified a scroll of acquirement
  6128 | D:4      | Acquired 1120 gold pieces
  6177 | D:5      | Entered Level 5 of the Dungeon
  6330 | D:5      | Found a staircase to the Ecumenical Temple.
  6355 | D:5      | HP: 2/53 [centaur (1)]
  6356 | D:5      | Slain by a centaur

Illustrated notes

Levels and vault maps discovered:
D:1:      lemuel_arrival_behind_the_door_large, layout_loops_ring
D:2:      layout_loops_ring, ebering_ecumenical_altar_petrified, nrook_uturn
D:3:      layout_basic, gup_sewer_entry_spiral
D:4:      layout_basic, serial_shops, nicolae_shop_competitors_out_of_business
D:5:      layout_cave_pools, minmay_temple_entry_mini_moons,
          corexii_item_surrounded_by_moat

Skill      XL: |  1  2  3  4  5  6  7 |
---------------+----------------------+-----
Invocations    | 1 2 |  2.9
Short Blades   | 1 2 |  2.6
Long Blades    | 1 2 |  2.6
Axes           | 1 2 |  2.6
Maces & Flails | 1 2 |  2.6
Polearms       | 1 2 |  2.6
Staves         | 1 2 |  2.6
Ranged Weapons | 1 2 |  2.6
Throwing       | 1 2 |  2.6
Shields        | 1 2 |  2.6
Unarmed Combat | 1 2 |  2.6
Spellcasting   | 1 2 |  2.6
Conjurations   | 1 2 |  2.1
Hexes          | 1 2 |  2.1
Summonings     | 1 2 |  2.1
Necromancy     | 1 2 |  2.1
Translocations | 1 2 |  2.1
Transmutations | 1 2 |  2.1
Fire Magic     | 1 2 |  2.1
Ice Magic      | 1 2 |  2.1
Air Magic      | 1 2 |  2.1
Earth Magic    | 1 2 |  2.1
Poison Magic   | 1 2 |  2.1
Fighting       | 3 |  3.7
Dodging        | 3 |  3.7
Stealth        | 3 |  3.6
Armour         | 5 |  5.3
Evocations     | 7 |  7.1

Action                     |  1- 3 |  4- 6 |  7- 9 || total
---------------------------+-------+-------+-------++-------
  Melee: Club              |   115 |       |       ||   115
         Bite              |    16 |    26 |    17 ||    59
         Dagger            |    61 |   332 |   144 ||   537
         Punch             |       |     4 |     4 ||     8
  Throw: Throwing net      |       |     1 |     1 ||     2
         Dart              |       |       |     6 ||     6
  Evoke: Wand              |     9 |    18 |     8 ||    35
    Use: Potion            |       |     3 |     4 ||     7
         Scroll            |       |       |    10 ||    10
   Stab: Sleeping          |     3 |     6 |     2 ||    11
 Armour: Leather armour    |    53 |    40 |    43 ||   136
  Dodge: Dodged            |   132 |   147 |   123 ||   402

Table legend: (Time is in decaauts)
 A = Elapsed time spent in this place.
 B = Non-inter-level travel time spent in this place.
 C = Inter-level travel time spent in this place.
 D = Time resting spent in this place.
 E = Time spent auto-exploring this place.
 F = Levels seen in this place.
 G = Mean time per level.
                   A        B        C        D        E       F      G
               +--------+--------+--------+--------+--------+-----+--------+
         Total |   6504 |   6271 |    233 |   1277 |   3394 |   6 | 1084.0 |
       Dungeon |   5121 |   4888 |    233 |    724 |   2988 |   5 | 1024.2 |
         Sewer |   1383 |   1383 |      0 |    552 |    406 |   1 | 1383.0 |
               +--------+--------+--------+--------+--------+-----+--------+

Top non-repeatable levels by time:
     D:3: 1498 daAuts
   Sewer: 1383 daAuts
     D:4: 1350 daAuts
     D:1: 1163 daAuts
     D:2: 933 daAuts
     D:5: 175 daAuts
